[Event "Romanian Superleague 2022"]
[Site "Oradea"]
[Date "2022.09.29"]
[Round "9.30"]
[White "Gulie, Cosmin"]
[Black "Carmaciu, Lucian-Catalin"]
[Result "0-1"]
[ECO "B22"]
[WhiteElo "1973"]
[BlackElo "2376"]
[Annotator "TA"]
[PlyCount "58"]
[EventDate "2022.09.21"]
[EventType "team-tourn"]
[EventCountry "ROU"]
[SourceTitle "playchess.com"]
[Source "ChessBase"]
[SourceQuality "1"]
[TimeControl "40/5400+30:1800+30"]

1. e4 c5 2. c3 d5 3. exd5 Qxd5 4. d4 Nc6 5. Nf3 Bf5 6. Na3 {[%emt 0:00:32] B22: Sicilian: 2 c3.} (6. Be3 {is interesting.} cxd4 7. Nxd4 Nf6 8. Nxf5 Qxf5 9. Qb3) 6... cxd4 7. Nxd4 Nxd4 8. Qxd4 {[%emt 0:00:17] The position is equal.} Qxd4 9. cxd4 {[%emt 0:00:05] [#]} e6 $146 ({Predecessor:} 9... a6 10. Be2 Nf6 11. Bf3 Be4 12. Bxe4 Nxe4 13. Bf4 e6 14. Nc4 Rd8 15. Rd1 Nd6 {0-1 (73) Asadli,V (2578)-Erigaisi,A (2626) Plovdiv 2021}) 10. Bb5+ Kd8 11. Bf4 a6 12. Be2 Bb4+ 13. Bd2 Bxa3 14. bxa3 Be4 15. O-O Ne7 16. Ba5+ {[%emt 0:00:36] This bishop pair is nice.} Kd7 17. Rac1 Rac8 {[%emt 0:00:54] Against Rc7+} 18. Bc4 Rc6 {[%emt 0:07:22] aiming for ...Rhc8. Black is more active.} 19. f3 Bd5 20. Bxd5 Nxd5 21. Rxc6 Kxc6 $17 {[%emt 0:00:07][%mdl 4096] Endgame KRB-KRN} ({Much worse is} 21... bxc6 $6 22. Rb1 $11) 22. Rc1+ {[%emt 0:00:10] [#]} (22. a4 $17) 22... Kd7 (22... Kb5 $1 $19 23. Bb4 b6) 23. Kf2 Rc8 24. Rxc8 Kxc8 {[%emt 0:00:03] KB-KN} 25. g3 Kd7 26. Ke2 Kc6 {[%emt 0:00:09] [#] Threatens to win with ...Kb5.} 27. Kd3 f5 (27... Kb5 $17 28. Bd2 Ka4) 28. a4 $1 $11 Ne7 29. Kc4 Nc8 {[%emt 0:01:39] Weighted Error Value: White=0.16 (very precise) /Black=0.15 (very precise)} 0-1